 Dungeon Crawl Stone Soup version 0.16.1-11-g651b585 (webtiles) character file.

18 xsansara the Sneak (level 2, -2/13 HPs)
             Began as a Spriggan Enchanter on Apr 3, 2015.
             Slain by a kobold
             ... wielding a +0 short sword
              (5 damage)
             ... on level 1 of the Dungeon.
             The game lasted 00:03:12 (438 turns).

xsansara the Sneak (Spriggan Enchanter)              Turns: 438, Time: 00:03:12

Health: -2/13      AC:  3    Str:  4    XL:     2   Next: 48%
Magic:  1/7        EV: 18    Int: 16    God:
Gold:   13         SH:  0    Dex: 16    Spells: 2 memorised, 3 levels left

rFire  . . .     SeeInvis +     a - +1 dagger
rCold  . . .     Clarity  .     b - +1 robe
rNeg   . . .     SustAb   .     (shield restricted)
rPois  .         Gourm    .     (helmet restricted)
rElec  .         Spirit   .     (no cloak)
rCorr  .         Warding  .     (gloves unavailable)
rMut   .         Stasis   .     (boots unavailable)
MR     .....                    (no amulet)
Stlth  ++++......               (no ring)
                                g - ring of stealth

@: very slightly contaminated, very quick, not resistant to hostile
enchantments, stealthy
A: unfitting armour, see invisible, herbivore 3, speed 3, slow metabolism 2
a: no special abilities


You were on level 1 of the Dungeon.
You were not hungry.

You visited 1 branch of the dungeon, and saw 1 of its levels.

You collected 13 gold pieces.

Inventory:

Hand weapons
 a - a +1 dagger (weapon)
Missiles
 f - 23 stones (quivered)
 h - 12 poisoned needles
Armour
 b - a +1 robe (worn)
Jewellery
 g - a ring of stealth (left hand)
Scrolls
 i - a scroll of teleportation {unknown}
 j - a scroll of remove curse {unknown}
Potions
 e - a potion of curing {unknown}
Books
 c - a book of Maledictions

   Spells                             Type                      Level
   a - Corona                         Hexes                        1
   b - Sure Blade                     Hexes/Charms                 2
   c - Ensorcelled Hibernation        Hexes/Ice                    2
   d - Confuse                        Hexes                        3
   e - Dazzling Spray                 Conjuration/Hexes            3
   f - Enslavement                    Hexes                        4
Comestibles
 d - a bread ration


   Skills:
 + Level 1.3 Short Blades
 - Level 3.0 Dodging
 + Level 5.2 Stealth
 - Level 2.6 Spellcasting
 - Level 4.1 Hexes


You had 3 spell levels left.
You knew the following spells:

 Your Spells              Type           Power        Failure   Level  Hunger
a - Corona                Hex            ###....      4%          1    #......
b - Ensorcelled Hibernat  Hex/Ice        #.....       14%         2    ##.....


Dungeon Overview and Level Annotations

Branches:
Dungeon (1/15)

Altars:


Innate Abilities, Weirdness & Mutations

You are tiny and cannot use many weapons and most armour.
You have supernaturally acute eyesight.
You are a herbivore.
You cover ground extremely quickly.
You need consume almost no food.


Message History

The helpless jackal fails to defend itself.
You impale the jackal!!
You kill the jackal!
You closely miss the kobold. The kobold hits you with a short sword.
You barely miss the kobold. The kobold closely misses you.
You completely miss the kobold. The kobold hits you with a short sword.
You hit the kobold but do no damage. The kobold misses you.
You hit the kobold.
The kobold is moderately wounded.
The kobold hits you with a short sword.
* * * LOW HITPOINT WARNING * * *
You barely miss the kobold.
The kobold is moderately wounded.
You miss the kobold.
The kobold is moderately wounded.
The kobold misses you.
You barely miss the kobold.
The kobold is moderately wounded.
The kobold hits you with a short sword.
You die...

#...............#
..#.###.#.......#
#.###.#.#....##
#..#..#..#####
.#####..#.###..#
..........# ##.##
..........# ##..##
#####.....###....##
#.....K@....[%#
##..####......#
#.># #......# #.†#
#......# #..#
##....## ..##
###### ... #...
#...


You could see a kobold.

Vanquished Creatures
  3 giant cockroaches (D:1)
  A goblin (D:1)
  2 hobgoblins (D:1)
  A giant newt (D:1)
  3 jackals (D:1)
  2 kobolds (D:1)
  5 rats (D:1)
17 creatures vanquished.

Notes
Turn   | Place    | Note
--------------------------------------------------------------
     0 | D:1      | xsansara, the Spriggan Enchanter, began the quest for the Orb.
     0 | D:1      | Reached XP level 1. HP: 9/9 MP: 4/4
   137 | D:1      | Reached XP level 2. HP: 13/13 MP: 7/7
   141 | D:1      | Learned a level 2 spell: Ensorcelled Hibernation
   211 | D:1      | Reached skill level 5 in Stealth
   438 | D:1      | Slain by a kobold

Action                   || total
-------------------------++-------
Melee: Dagger            ||    51
 Cast: Ensorcelled Hiber ||     4
 Stab: Sleeping          ||    10
